 Dungeon Sprint DCSS version 0.19.1 (webtiles) character file.

282 LORDOFBUTT the Cleaver (level 6, -7/64 HPs)
             Began as a Hill Orc Monk on Dec 19, 2016.
             Mangled by a yak (13 damage)
             ... in the Dungeon (Sprint I: "Red Sonja").
             The game lasted 00:00:47 (671 turns).

LORDOFBUTT the Cleaver (Hill Orc Monk)               Turns: 671, Time: 00:00:48

Health: -7/64      AC:  2    Str: 14    XL:     6   Next: 28%
Magic:  6/6        EV: 16    Int: 10    God:
Gold:   162        SH:  0    Dex: 15    Spells: 0 memorised, 5 levels left

rFire  . . .     SeeInvis .     a - +0 hand axe
rCold  . . .     Gourm    .     b - +0 robe
rNeg   . . .     Faith    .     (no shield)
rPois  .         Spirit   .     (no helmet)
rElec  .         Reflect  .     (no cloak)
rCorr  .         Harm     .     (no gloves)
MR     .....     NoTele   +     (no boots)
Stlth  ++........               (no amulet)
                                (no ring)
                                (no ring)

@: no status effects
A: no striking features
a: no special abilities


You were in the Dungeon.
You were not hungry.

You visited 1 branch You collected 162 gold pieces.

Inventory:

Hand Weapons
 a - a +0 hand axe (weapon)
Armour
 b - a +0 robe (worn)
Scrolls
 i - a scroll of blinking
Potions
 d - a potion of curing
 e - a potion of heal wounds
 f - a potion of haste
 g - 2 potions of magic
Comestibles
 c - a bread ration


   Skills:
 + Level 9.4 Fighting
 + Level 10.4 Axes
 + Level 6.5 Dodging
 - Level 1.5 Stealth


You had 5 spell levels left.
You didn't know any spells.

Dungeon Overview and Level Annotations

Branches:
Dungeon (1/1)

Altars:
Cheibriados
Dithmenos
Elyvilon
Fedhas
Hepliaklqana
Kikubaaqudgha
Okawaru
Qazlal
Ru
Sif Muna
Trog
Uskayaw
Vehumet
Yredelemnul
Zin
The Shining One

Shops:
D *


Message History

You hit the yak but do no damage.
The yak is heavily wounded.
The yak barely misses you.
You hit the yak but do no damage.
The yak is heavily wounded.
The yak barely misses you.
You hit the yak.
The yak is severely wounded.
The yak gores you!
* * * LOW HITPOINT WARNING * * *
You hit the yak but do no damage.
The yak is severely wounded.
The yak gores you!
* * * LOW HITPOINT WARNING * * *
You hit the yak.
The yak is severely wounded.
You hit the yak.
The yak is almost dead.
The yak gores you!
You die...

################
#<.#..').#..'..#
#..').#..').#..+
#..#####'#####'#
#..# #..# #?#
#..#__#### ##%#
#..#_____##+#..+
#⌠⌠#_.∩...Y@.._#
####_..__##_.#+#
___ ##+# #


You could see a yak.

Vanquished Creatures
  Sigmund (D)
  An ogre (D)
  A jelly (D)
  Ijyb (D)
4 creatures vanquished.

Notes
Turn   | Place    | Note
-------+----------+-------------------------------------------
     0 | D        | LORDOFBUTT the Hill Orc Monk began the quest for the Orb.
     0 | D        | Reached XP level 1. HP: 19/19 MP: 1/1
     1 | D        | Noticed Ijyb
    15 | D        | Killed Ijyb
    15 | D        | Reached skill level 5 in Fighting
    15 | D        | Reached skill level 6 in Axes
    15 | D        | Reached XP level 2. HP: 16/29 MP: 2/2
    15 | D        | Reached XP level 3. HP: 21/36 MP: 3/3
   187 | D        | Noticed an ogre
   194 | D        | Killed an ogre
   194 | D        | Reached skill level 8 in Axes
   194 | D        | Reached XP level 4. HP: 40/47 MP: 4/4
   247 | D        | Noticed Sigmund
   269 | D        | Killed Sigmund
   269 | D        | Reached skill level 10 in Axes
   269 | D        | Reached XP level 5. HP: 11/57 MP: 5/5
   269 | D        | Reached XP level 6. HP: 12/63 MP: 6/6
   531 | D        | Found a deep blue altar of Sif Muna.
   533 | D        | Found a radiant altar of Vehumet.
   654 | D        | Found Xegylo's General Store.
   654 | D        | Found an ancient bone altar of Kikubaaqudgha.
   654 | D        | Found a hazy altar of Hepliaklqana.
   654 | D        | Found a stormy altar of Qazlal.
   654 | D        | Found a hide-covered altar of Uskayaw.
   654 | D        | Found a blossoming altar of Fedhas.
   654 | D        | Found a bloodstained altar of Trog.
   654 | D        | Found an iron altar of Okawaru.
   654 | D        | Found a basalt altar of Yredelemnul.
   654 | D        | Found a glowing golden altar of the Shining One.
   654 | D        | Found a snail-covered altar of Cheibriados.
   654 | D        | Found a sacrificial altar of Ru.
   654 | D        | Found a glowing silver altar of Zin.
   654 | D        | Found a shadowy altar of Dithmenos.
   654 | D        | Found a white marble altar of Elyvilon.
   654 | D        | Noticed a yak
   671 | D        | Mangled by a yak

Skill      XL: |  1  2  3  4 |
---------------+-------------+-----
Fighting       | 5 7 9 |  9.4
Axes           | 6 8 10 | 10.4
Dodging        | 3 4 6 |  6.5
Stealth        | |  1.5

Action                   |  1- 3 |  4- 6 || total
-------------------------+-------+-------++-------
Melee: Hand axe          |    19 |    38 ||    57
  Use: Potion            |     1 |       ||     1
 Stab: Sleeping          |       |     1 ||     1
Dodge: Dodged            |     7 |    18 ||    25
